 Dungeon Sprint DCSS version 0.02-122-g12e50fee3c (webtiles) character file.

Game seed: 9583870373772999700, levelgen mode: deterministic

32 lorenzova the Magician (level 3, 0/19 HPs) Deep Elf Fire Elementalist. Began on Oct 6, 2020. Slain by a human (5 damage) ... in the Dungeon (Sprint III: "The Ten Rune Challenge"). The game lasted 00:00:57 (164 turns).

lorenzova the Magician (Deep Elf Fire Elementalist)  Turns: 164, Time: 00:00:57

Health: 0/19       AC:  2    Str:  5    XL:     3 ^: 51
Magic:  9/12       EV: 13    Int: 20    God:
Gold:   0          SH:  0    Dex: 15    Spells: 13/14 levels left

rFire    . . .     Vision   .   b - +0 club
rCold    . . .     Gourm    .   (no weapon)
rNeg     . . .     Faith    .   a - +0 robe
rPois    .         Spirit   .   (no helmet)
rElec    .         Reflect  .   (no cloak)
rCorr    .         Harm     .   (no gloves)
MR       .....     NoTele   +   (no boots)
Stlth    ++........             (no amulet)
HPRegen  0.16/turn              (no ring)
MPRegen  0.22/turn              (no ring)

@: no status effects
A: no striking features
a: no special abilities


You were in the Dungeon.
You were not hungry.

You visited 1 branch

Inventory:

Weapons
 b - a +0 club (weapon)
Armour
 a - a +0 robe (worn)
Scrolls
 i - a scroll of blinking
 j - a scroll of enchantment
Potions
 d - a potion of curing
 e - a potion of heal wounds
 f - a potion of haste
 g - 2 potions of magic
 h - a potion of berserk rage
Comestibles
 c - a ration


   Skills:
 - Level 2.4 Dodging
 - Level 2.4 Stealth
 + Level 6.4 Spellcasting
 + Level 5.8 Fire Magic


You had 13 spell levels left.
You knew the following spells:

 Your Spells              Type           Power        Failure   Level  Hunger
a - Foxfire               Fire           25 (25)      1%          1    None

Your spell library contained the following spells:

 Spells                   Type           Power        Failure   Level  Hunger
 Searing Ray              Fire           29 (50)      1%          2    None
 Conjure Flame            Fire           29 (100)     2%          3    ##.....
 Inner Flame              Hex/Fire       18 (100)     9%          3    ##.....
 Fireball                 Fire           29 (200)     26%         5    #####..
 Sticky Flame             Fire/Pois      18 (100)     30%         4    ####...


Dungeon Overview and Level Annotations

Branches:
Dungeon (1/1)

Altars:


Message History

Confirm with . or Enter, or press ? or * to list all spells.
You conjure some foxfire!
The human barely misses you (0).
The foxfire hits the human (4).
The human is severely wounded. (11/35) HP The foxfire hits the human (3).
The human is severely wounded. (8/35) HP The human misses you (0).
Casting: Foxfire (safe; 1% risk of failure)
Confirm with . or Enter, or press ? or * to list all spells.
You conjure some foxfire!
The human closely misses you (0).
The foxfire hits the human but does no damage (0).
The human is severely wounded. (8/35) HP The foxfire hits the human (6).
The human is almost dead. (2/35) HP The human hits you (6).
* * * LOW HITPOINT WARNING * * *
Casting: Foxfire (safe; 1% risk of failure)
Confirm with . or Enter, or press ? or * to list all spells.
You conjure some foxfire!
The human hits you (5).
You die...

▓▓▓▓ ▓@*# ▓p*#
▓#[####
▓.....#....≈.♣♣
▓†....#...≈≈♣♣♣♣
▓.....#..≈≈≈≈♣..
▓####†#..≈≈≈≈≈≈♣
▓.....#.≈≈≈≈≈≈..
▓.....#.≈≈≈≈≈...


You could see a human.

Vanquished Creatures
  Jessica (D)
  An ooze (D)
  2 rats (D)
4 creatures vanquished.

Vanquished Creatures (others)
  4 hellions (D)
  A yaktaur (D)
  22 foxfires (D)
  4 plants (D)
31 creatures vanquished.

Grand Total: 35 creatures vanquished

Notes
Turn   | Place    | Note
-------+----------+-------------------------------------------
     0 | D        | lorenzova the Deep Elf Fire Elementalist began the quest
                  | for the Orb.
     0 | D        | Reached XP level 1. HP: 10/10 MP: 6/6
    49 | D        | Reached skill level 4 in Spellcasting
    51 | D        | Killed a yaktaur
    67 | D        | Noticed Jessica
    82 | D        | Killed Jessica
    82 | D        | Reached skill level 6 in Spellcasting
    82 | D        | Reached skill level 5 in Fire Magic
    82 | D        | Reached XP level 2. HP: 15/15 MP: 6/11
    82 | D        | Reached XP level 3. HP: 19/19 MP: 6/12
    88 | D        | Killed a hellion
   118 | D        | Killed a hellion
   118 | D        | Killed a hellion
   124 | D        | Killed a hellion
   164 | D        | Slain by a human

Levels and vault maps discovered:
D:        dungeon_sprint_mu [sprint_mu_entry_forest, sprint_mu_temple_rooms,
          sprint_mu_d1_horrors, sprint_mu_d2_genie, sprint_mu_d3_branching,
          sprint_mu_orc_legion, sprint_mu_elf_gauntlet, sprint_mu_hive_nellie,
          sprint_mu_lair_fedhas, sprint_mu_vaults_butterflies,
          sprint_mu_slime_circle, sprint_mu_swamp_cave, sprint_mu_snake_twists,
          sprint_mu_blade_basic, sprint_mu_crypt_chambers,
          sprint_mu_tomb_spiral, sprint_mu_vestibule_basic,
          sprint_mu_gehenna_hellfire, sprint_mu_dis_giant,
          sprint_mu_tartarus_statrot, sprint_mu_cocytus_islands, sprint_mu_zot1]

Skill      XL: |  1 |
---------------+----+-----
Spellcasting   | 6 |  6.4
Fire Magic     | 5 |  5.8
Dodging        | |  2.4
Stealth        | |  2.4

Action                   || total
-------------------------++-------
 Cast: Foxfire           ||    13
Dodge: Dodged            ||     3
